Map: En périphérie de Nulpar EC

Players

zuka - Winner!

  • Race: Protoss Protoss
  • League: Master
  • Spawn Location: 11:00

Charoisaur

  • Race: Terran Terran
  • League: Master
  • Spawn Location: 5:00

VOD

Have the link to the VOD?

Description

Time

  • Played on: Feb. 12, 2018, 3:15 p.m.
  • Length: 5:59
Show
View Real Time Build Order
Export as new Build Order

zuka Protoss - Winner!

Build Orders:  

Get SALT Encoding   

  12  0:01  Probe  
  13  0:13  Probe  
  14  0:17  Pylon  
  14  0:25  Probe (Chrono Boost)  
  16  0:37  Gateway, Probe (Chrono Boost)  
  16  0:42  Probe (Chrono Boost)  
  16  0:46  Assimilator  
  17  0:51  Probe  
  17  0:56  Assimilator  
  18  1:04  Probe  
  19  1:16  Probe  
  20  1:21  Pylon  
  20  1:27  Cybernetics Core  
  20  1:28  Probe  
  21  1:40  Probe  
  22  1:52  Probe  
  23  2:04  Stargate  
  23  2:06  Warp Gate  
  23  2:07  Stalker  
  25  2:15  Gateway  
  25  2:20  Pylon  
  25  2:37  Stalker  
  25  2:39  Pylon  
  27  2:50  Void Ray (Chrono Boost)  
  30  3:20  Void Ray (Chrono Boost)  
  34  3:31  Shield Battery  
  34  3:33  Shield Battery  
  34  3:35  Shield Battery  
  34  3:51  Pylon  
  34  4:09  Void Ray (Chrono Boost)  
  34  4:11  Shield Battery  
  34  4:12  Shield Battery  
  38  4:33  Stalker x2  
  42  4:44  Void Ray  
  45  5:06  Stalker x2  
  45  5:32  Zealot  
  45  5:34  Sentry  
  53  5:56  Stalker  
Show
View Real Time Build Order
Export as new Build Order

Charoisaur Terran 

Build Orders: Reaper Expand 

Get SALT Encoding   

  12  0:00  SCV  
  13  0:12  SCV  
  14  0:19  Supply Depot  
  14  0:24  SCV  
  15  0:32  Refinery  
  15  0:41  SCV  
  16  0:46  Barracks  
  16  0:53  SCV  
  17  1:05  SCV  
  18  1:17  SCV  
  19  1:32  Orbital Command  
  19  1:33  Reaper  
  20  1:46  Command Center  
  20  1:58  Supply Depot  
  20  1:59  SCV  
  21  2:10  Factory  
  21  2:21  Bunker, Barracks Reactor  
  21  2:23  SCV  
  22  2:35  SCV  
  23  2:43  Refinery  
  23  2:47  SCV  
  24  2:54  Widow Mine  
  24  2:57  Marine x2  
  28  2:59  Orbital Command  
  28  3:02  SCV  
  29  3:13  Starport  
  29  3:15  Marine x2  
  31  3:22  Cyclone  
  33  3:29  SCV  
  33  3:33  Marine x2  
  35  3:43  Supply Depot  
  35  3:44  Supply Depot  
  35  3:51  Orbital Command, Marine x2  
  37  4:02  Viking  
  37  4:03  Factory Reactor  
  37  4:08  SCV  
  39  4:12  Marine x2  
  38  4:47  Viking x2  
  38  4:48  Marine  
  38  4:49  Marine  
  38  4:52  SCV x2  
  46  4:54  Supply Depot  
  46  5:05  SCV x2  
  43  5:09  Marine x2  
  42  5:17  Viking x2  
  34  5:37  Bunker  
Tags
 
Add a new tag
Caveats
  • Supply blocks, unpowered buildings, or Contaminate may cause inaccurate times.
  • Supply counts are checked every 10 seconds.